Map: Acropolis LE

Players

Syndicate - Winner!

  • Race: Terran Terran
  • Spawn Location: 11:00

pHARM

  • Race: Zerg Zerg
  • League: Platinum
  • Spawn Location: 5:00

VOD

Have the link to the VOD?

Description

Time

  • Played on: Aug. 4, 2019, 11:47 p.m.
  • Length: 23:38
Show
View Real Time Build Order
Export as new Build Order

Syndicate Terran - Winner!

Build Orders: Reaper Expand 

Get SALT Encoding   

  12  0:01  SCV  
  13  0:13  SCV  
  14  0:17  Supply Depot  
  14  0:26  SCV  
  15  0:39  SCV  
  15  0:40  Barracks  
  16  0:45  Refinery  
  16  0:51  SCV  
  17  1:03  SCV  
  18  1:15  SCV  
  19  1:27  Reaper  
  19  1:30  Orbital Command  
  20  1:41  Command Center  
  20  1:52  Barracks  
  20  1:55  SCV  
  20  1:59  Barracks Reactor  
  21  2:10  SCV, Supply Depot  
  22  2:17  Refinery  
  22  2:22  SCV  
  23  2:38  Marine x2  
  23  2:41  Factory  
  25  2:44  SCV  
  25  2:45  Barracks Tech Lab  
  26  2:53  Orbital Command  
  26  2:56  Marine x2  
  28  3:04  Marine  
  29  3:11  Stimpack  
  29  3:12  SCV  
  30  3:18  Supply Depot  
  30  3:19  Marine x2  
  32  3:28  Starport  
  32  3:29  Factory Reactor  
  32  3:32  Marine  
  33  3:36  Marine  
  33  3:37  Marine  
  35  3:53  Marine  
  35  3:54  SCV  
  35  3:55  SCV  
  38  3:58  Supply Depot  
  38  4:02  Marine  
  38  4:03  Marine  
  40  4:10  SCV  
  40  4:11  SCV, Marine  
  40  4:13  Medivac  
  40  4:16  Medivac, Factory Tech Lab  
  47  4:22  Supply Depot  
  47  4:23  Engineering Bay  
  47  4:26  SCV x2  
  49  4:31  Marine x2  
  49  4:32  Marine  
  51  4:46  Siege Tank  
  51  4:49  Viking  
  51  4:50  Refinery, SCV  
  57  5:03  Marine x2  
  57  5:04  Marauder  
  61  5:09  SCV  
  61  5:10  SCV  
  63  5:16  Engineering Bay  
  63  5:17  Engineering Bay  
  63  5:27  Marine, Command Center  
  63  5:28  Marine  
  65  5:29  Marauder  
  67  5:55  Marine x2  
  69  6:01  Marauder  
  70  6:07  Terran Infantry Weapons Level 1  
  70  6:10  Terran Infantry Armor Level 1  
  70  6:11  Supply Depot  
  70  6:14  Supply Depot  
  70  6:16  Siege Tank, SCV x2, Medivac x2  
  70  6:18  Combat Shield  
  79  6:35  SCV, Barracks x2  
  79  6:36  SCV  
  79  6:39  Refinery  
  81  6:45  Orbital Command  
  81  6:46  Marine x2  
  80  7:04  SCV x2  
  82  7:27  Orbital Command  
  78  7:56  Marine x2  
  68  7:59  Barracks Reactor x2  
  68  8:03  Barracks  
  68  8:04  SCV x3, Barracks  
  68  8:05  Marine  
  60  8:14  Marine  
  60  8:16  SCV x2  
  60  8:17  SCV  
  61  8:23  Marauder  
  63  8:28  SCV x2  
  63  8:29  SCV  
  63  8:30  Factory  
  63  8:32  Starport  
  63  8:33  Starport  
  66  8:38  Fusion Core  
  66  8:40  Refinery, Starport  
  66  8:41  Refinery  
  66  8:44  Command Center, Marine x3  
  66  8:45  Marine x3, Marauder  
  66  8:47  Supply Depot  
  66  8:48  Supply Depot  
  74  8:52  Armory  
  74  8:56  Barracks Tech Lab x2  
  74  9:01  SCV x3  
  77  9:04  Ghost Academy  
  77  9:07  Ghost Academy  
  77  9:12  Marine x2  
  77  9:13  SCV, Marine x2  
  77  9:14  Marine  
  83  9:25  SCV  
  84  9:31  Marine x2  
  84  9:32  Marine x2, Marauder  
  84  9:33  Marauder  
  84  9:34  Starport Tech Lab x2  
  84  9:36  Siege Tank  
  84  9:37  Factory Tech Lab  
  84  9:38  SCV  
  96  9:39  SCV x2  
  98  9:50  SCV  
  98  9:51  SCV  
  100  9:57  Supply Depot  
  100  9:58  Marine x3  
  100  9:59  Marine x2  
  105  10:00  Battlecruiser  
  111  10:09  Siege Tank  
  111  10:12  Starport Tech Lab  
  114  10:22  Planetary Fortress  
  113  10:37  Marine x4  
  113  10:38  Marine, Marauder x2  
  113  10:41  Siege Tank  
  124  10:42  Siege Tank  
  124  10:44  Ghost  
  124  10:47  Personal Cloaking  
  124  10:48  Nuke  
  126  10:51  SCV  
  127  11:13  Siege Tank  
  130  11:19  Battlecruiser  
  130  11:20  Weapon Refit  
  136  11:36  Supply Depot  
  136  11:37  SCV x2, Supply Depot x2  
  136  11:39  SCV  
  139  11:49  SCV x2  
  139  11:50  Command Center  
  141  11:57  Battlecruiser, SCV  
  141  11:58  Battlecruiser  
  141  12:00  Marine  
  155  12:01  SCV  
  155  12:04  Ghost x2  
  155  12:05  Ghost, Marine  
  155  12:06  Marine x2  
  165  12:13  Nuke  
  165  12:31  Supply Depot  
  165  12:32  Supply Depot  
  165  12:33  Supply Depot  
  165  12:52  Marine x2  
  165  12:53  Siege Tank x2  
  165  12:54  Viking x2, Battlecruiser  
  183  13:01  Marine x3  
  183  13:02  Marauder  
  183  13:03  Marauder  
  190  13:25  Siege Tank  
  190  13:26  Marine x4  
  194  13:40  Battlecruiser x2  
  199  13:50  Nuke x2  
  143  15:11  Viking, Battlecruiser x3  
  143  15:12  Viking  
  143  15:13  Siege Tank x2, Marine x3  
  143  15:14  Marauder  
  170  15:32  Nuke x2  
  170  15:42  Marine  
  170  15:43  Marine x6  
  170  15:44  Marauder x2  
  179  15:58  Command Center x2  
  179  16:01  Planetary Fortress, Command Center  
  179  16:02  Marauder  
  181  16:06  Siege Tank  
  181  16:07  Siege Tank  
  181  16:09  Viking  
  189  17:08  Terran Ship Weapons Level 1  
  189  17:10  Armory  
  186  17:50  Command Center  
  183  17:53  Command Center  
  183  17:54  Refinery  
  183  17:55  Viking  
  157  18:16  Viking, Battlecruiser  
  158  18:53  Orbital Command  
  153  18:59  Marine x4  
  153  19:00  Siege Tank x2, Marauder x3  
  161  19:03  Planetary Fortress  
  161  19:08  Marine  
  161  19:09  Marine  
  158  19:11  Battlecruiser  
  158  19:12  Battlecruiser  
  158  19:16  Marine  
  169  19:21  Marauder x3  
  175  19:28  SCV x2  
  175  19:30  Orbital Command  
  178  19:32  Siege Tank  
  180  19:40  Marine x4  
  180  19:42  Marauder x2  
  180  19:43  Marauder  
  180  20:14  Marine x6  
  181  20:20  Orbital Command  
  186  20:32  Marauder  
  180  20:40  Marine x4  
  180  20:41  Marine x4  
  179  20:53  Marine  
  178  20:58  Marine x4  
  178  20:59  Marauder  
  184  21:13  Medivac  
  186  21:22  Nuke x2, Supply Depot  
  186  21:23  Supply Depot  
  186  21:24  Supply Depot  
  186  21:30  Medivac  
  186  21:43  Medivac x2  
  180  22:41  Medivac  
  180  22:42  Medivac x2  
Show
View Real Time Build Order
Export as new Build Order

pHARM Zerg 

Build Orders: Hatch First 

Get SALT Encoding   

  12  0:01  Drone  
  13  0:12  Overlord  
  13  0:17  Drone  
  14  0:31  Drone x2  
  17  0:42  Drone  
  17  0:56  Hatchery  
  16  1:01  Drone x2  
  18  1:17  Spawning Pool  
  17  1:26  Drone x2  
  19  1:40  Drone  
  19  1:42  Overlord  
  20  1:50  Extractor  
  20  1:53  Drone  
  20  2:06  Queen  
  20  2:07  Drone  
  23  2:09  Zergling x2  
  24  2:18  Drone  
  25  2:26  Drone  
  25  2:27  Drone  
  26  2:39  Drone x2  
  28  2:47  Queen  
  30  2:56  Lair  
  30  2:57  Drone  
  30  2:58  Drone x3  
  34  3:04  Drone  
  35  3:09  Drone  
  35  3:14  Drone  
  35  3:18  Overlord  
  36  3:33  Overlord  
  36  3:37  Drone x2  
  36  3:38  Drone x2  
  40  4:05  Evolution Chamber  
  39  4:12  Evolution Chamber, Drone x8, Roach Warren  
  45  4:22  Queen  
  47  4:28  Extractor  
  47  4:29  Extractor  
  45  4:46  Zerg Missile Weapons Level 1  
  45  4:48  Drone  
  45  4:49  Drone x3  
  49  4:54  Glial Reconstitution  
  49  4:58  Overlord x2  
  49  5:15  Overlord x2  
  49  5:18  Roach  
  49  5:19  Hatchery, Roach x4  
  58  5:41  Overlord x2  
  58  5:42  Roach x5  
  70  5:43  Roach  
  49  6:05  Drone  
  49  6:06  Drone x5  
  55  6:13  Drone x2  
  57  6:24  Queen  
  59  6:30  Drone  
  59  6:31  Drone x3  
  63  6:45  Drone x5  
  63  6:46  Hatchery  
  67  6:55  Drone  
  67  6:56  Drone x5  
  73  7:20  Extractor  
  72  7:24  Hydralisk Den  
  71  7:30  Roach x8  
  71  7:31  Roach x5  
  97  7:50  Roach  
  97  7:51  Roach  
  97  7:57  Roach  
  97  7:58  Roach x5  
  87  8:05  Roach x3  
  75  8:17  Drone x3  
  75  8:18  Drone  
  79  8:38  Drone x2  
  79  8:39  Drone x9  
  90  8:51  Drone x4  
  90  8:54  Zerg Missile Weapons Level 2  
  90  8:55  Zerg Ground Armor Level 1  
  94  8:58  Grooved Spines  
  94  9:05  Overlord x2  
  94  9:11  Extractor  
  94  9:12  Extractor  
  94  9:13  Hydralisk  
  94  9:14  Hydralisk x5  
  94  9:16  Overlord x3  
  104  9:27  Drone, Hatchery  
  104  9:28  Drone x2  
  106  9:32  Queen  
  108  9:58  Hydralisk  
  108  9:59  Hydralisk x15  
  140  10:09  Muscular Augments  
  140  10:18  Overlord x2  
  140  10:20  Hydralisk  
  140  10:21  Hydralisk  
  120  11:19  Spire  
  120  11:23  Infestation Pit  
  118  11:43  Drone x3  
  118  11:44  Drone x5  
  118  11:45  Drone x2  
  118  11:46  Overlord x4  
  128  11:59  Hive  
  128  12:15  Extractor x2  
  126  12:32  Spore Crawler  
  126  12:34  Zerg Flyer Weapons Level 1  
  127  12:37  Roach x17  
  127  12:38  Roach x5  
  169  12:55  Overseer x3  
  169  12:56  Overseer x3  
  169  13:41  Pneumatized Carapace  
  155  13:51  Drone x14  
  169  14:03  Overlord x2  
  169  14:28  Greater Spire  
  169  14:36  Zerg Ground Armor Level 2, Zerg Missile Weapons Level 3  
  157  14:58  Roach  
  157  14:59  Roach x17  
  153  15:00  Roach x5  
  134  15:07  Overseer  
  95  15:35  Overseer  
  95  15:44  Corruptor x7  
  95  15:45  Corruptor x8  
  95  15:46  Corruptor x2  
  129  16:08  Hatchery  
  129  16:11  Drone x8  
  129  16:17  Brood Lord  
  129  16:18  Brood Lord x8  
  154  16:30  Corruptor x3  
  153  17:56  Spore Crawler  
  153  17:57  Spine Crawler  
  153  17:58  Spine Crawler  
  123  18:19  Hydralisk x5  
  119  18:20  Hydralisk x12  
  147  18:30  Roach  
  136  18:44  Hydralisk  
  136  18:45  Hydralisk x8  
  136  18:46  Hatchery  
  150  18:55  Extractor  
  142  18:57  Extractor  
  121  19:17  Hydralisk x6  
  133  19:24  Drone x6  
  133  19:25  Drone x3  
  142  19:54  Spore Crawler  
  123  20:47  Extractor  
  122  20:56  Extractor  
  121  20:57  Spore Crawler, Spine Crawler  
  121  20:58  Spire, Spore Crawler, Spine Crawler  
  121  21:00  Zerg Ground Armor Level 3  
  117  21:11  Drone x8  
  117  21:12  Drone x7  
  131  21:58  Hydralisk x11  
  131  21:59  Hydralisk x2  
  150  22:14  Overlord x4  
  138  22:31  Overlord x2  
  138  22:36  Drone  
  139  22:51  Hatchery  
  110  22:55  Corruptor  
  110  22:56  Corruptor  
Tags
 
League
Platinum
Matchup
TvZ
Replay Pack
10.7.19
Spawn Locations
Cross Positions
Add a new tag
Caveats
  • Supply blocks, unpowered buildings, or Contaminate may cause inaccurate times.
  • Supply counts are checked every 10 seconds.